 Dungeon Crawl Stone Soup version 0.14.0-24-gfb45beb (webtiles) character file.

781 Heini the Covered (level 7, -3/62 HPs)
             Began as a Minotaur Fighter on Apr 23, 2014.
             Slain by an orc warrior
             ... wielding a cursed +0,-3 battleaxe
              (17 damage)
             ... on Level 4 of the Dungeon.
             The game lasted 00:09:41 (3530 turns).

Heini the Covered (Minotaur Fighter)                Turns: 3530, Time: 00:09:41

HP  -3/62        AC  6     Str 23      XL: 7   Next: 29%
MP   3/3         EV  8     Int  5      God:
Gold 126         SH 19     Dex 11      Spells:  0 memorised,  6 levels left

rFire  . . .     SeeInvis .     a - +0 flail
rCold  . . .     Clarity  .     x - +0 ring mail
rNeg   . . .     Conserve .     c - +0 shield
rPois  .         rCorr    .     (helmet restricted)
rElec  .         rRot     .     (no cloak)
SustAb . .       Spirit   .     (no gloves)
rMut   .         Warding  .     (no boots)
Saprov . . .     Stasis   .     (no amulet)
MR     .....                    (no ring)
                                b - +2 ring of strength

@: not resistant to hostile enchantments, extremely unstealthy
A: retaliatory headbutt, horns 2
a: no special abilities


You were on level 4 of the Dungeon.
You were not hungry.

You visited 1 branch of the dungeon, and saw 5 of its levels.

You collected 148 gold pieces.
You spent 22 gold pieces at shops.

Inventory:

Hand weapons
 a - a +0,+0 flail (weapon)
Armour
 c - a +0 shield (worn)
 x - a +0 ring mail (worn)
Magical devices
 g - a wand of draining (8) {unknown}
 w - a wand of enslavement (9) {unknown}
Comestibles
 d - 2 bread rations
 m - 3 meat rations
 r - a pear
 v - an apple
Scrolls
 i - 4 scrolls of immolation
 j - a scroll of enchant weapon II {unknown}
 k - a scroll of amnesia {unknown}
 l - a scroll of remove curse {unknown}
 t - 2 scrolls of enchant armour {unknown}
 u - a scroll of fear {unknown}
Jewellery
 b - a +2 ring of strength (left hand)
 h - an uncursed ring of poison resistance {unknown}
Potions
 e - a potion of might
 f - 4 potions of curing
 n - a potion of brilliance {unknown}
 p - 2 potions of agility {unknown}
 q - a potion of invisibility {unknown}


   Skills:
 * Level 5.7 Fighting
 * Level 6.1 Maces & Flails
 * Level 6.3 Armour
 + Level 2.9 Dodging
 - Level 3.6 Shields


You had 6 spell levels left.
You didn't know any spells.

Dungeon Overview and Level Annotations

Branches:
Dungeon (5/15)
 Temple: D:4-7

Altars:

Shops:
D:4 ?


Innate Abilities, Weirdness & Mutations

You reflexively headbutt those who attack you in melee.
You have a pair of horns on your head.


Message History

Found a potion of heal wounds.
You see here a bat skeleton.
There is a stone staircase leading up here.
Drink which item? (? for menu, Esc to quit)
You feel much better. You block the orc warrior's attack.
You climb upwards.
There is a stone staircase leading down here.
You completely miss the orc warrior. Your headbutt misses the orc warrior.
The orc warrior is lightly wounded.
The orc warrior hits you with a battleaxe!
* * * LOW HITPOINT WARNING * * *
You barely miss the orc warrior.
The orc warrior is lightly wounded.
The orc warrior barely misses you. You furiously retaliate!
You headbutt the orc warrior, but do no damage.
You hit the orc warrior.
You headbutt the orc warrior, but do no damage.
The orc warrior is moderately wounded.
The orc warrior hits you with a battleaxe!
You die...

##.'#...#'.##
#.############
#####.....######.#
#................#
#......8......####
#.............#
#.###.....###.#
###.'#...#..###
#...#...#.o.#
#<.##...##.@#
#####...#####
#####


You could see an orc warrior.

Vanquished Creatures
  A phantom (D:4)
  2 ogres
  A giant frog (D:4)
  A crimson imp (D:5)
  2 orc priests
  An orc wizard (D:4)
  An orc skeleton (D:4)
  4 adders
  3 gnolls (D:3)
  A giant mite (D:4)
  2 worms
  2 giant eyeballs
  3 giant geckos
  An ooze (D:3)
  17 orcs
  4 giant cockroaches
  10 goblins
  12 hobgoblins
  3 quokkas
  13 bats
  A giant gecko skeleton (D:4)
  4 giant newts
  A giant newt zombie (D:5)
  A goblin skeleton (D:4)
  14 kobolds
  10 rats
115 creatures vanquished.

Notes
Turn   | Place    | Note
--------------------------------------------------------------
     0 | D:1      | Heini, the Minotaur Fighter, began the quest for the Orb.
     0 | D:1      | Reached XP level 1. HP: 19/19 MP: 1/1
   151 | D:1      | Reached skill level 4 in Armour
   151 | D:1      | Reached XP level 2. HP: 22/27 MP: 1/1
   701 | D:2      | Reached XP level 3. HP: 25/33 MP: 2/2
  1284 | D:3      | Reached XP level 4. HP: 41/41 MP: 2/2
  1520 | D:3      | Reached skill level 5 in Armour
  1865 | D:3      | Reached XP level 5. HP: 47/47 MP: 2/2
  2126 | D:4      | Found Juet's Magic Scroll Shop.
  2135 | D:4      | Bought a scroll of identify for 22 gold pieces
  2177 | D:4      | Reached skill level 1 in Dodging
  2622 | D:4      | Noticed a phantom
  2642 | D:4      | Killed a phantom
  2642 | D:4      | Reached skill level 5 in Fighting
  2642 | D:4      | Reached skill level 5 in Maces & Flails
  2642 | D:4      | Reached XP level 6. HP: 33/56 MP: 3/3
  2759 | D:4      | Paralysed by a giant eyeball for 3 turns
  2770 | D:4      | Noticed an ogre
  2782 | D:4      | Killed an ogre
  2977 | D:4      | Reached skill level 6 in Armour
  3054 | D:4      | Reached XP level 7. HP: 44/61 MP: 3/3
  3260 | D:5      | Entered Level 5 of the Dungeon
  3290 | D:5      | Paralysed by a giant eyeball for 4 turns
  3297 | D:5      | Paralysed by a giant eyeball for 3 turns
  3493 | D:5      | HP: 1/62 [orc priest/divine providence (15)]
  3530 | D:4      | Slain by an orc warrior

Action                   |  1- 3 |  4- 6 |  7- 9 || total
-------------------------+-------+-------+-------++-------
Melee: Flail             |   114 |   139 |    49 ||   302
  Use: Scroll            |       |     6 |       ||     6
       Potion            |       |       |     2 ||     2
